 Dungeon Crawl Stone Soup version 0.31-a0-460-g9e667d4245 (webtiles) character file.

Game seed: 11321484486507000411

2388 arthad the Covered (level 9, -2/57 HPs)
             Began as a Gargoyle Fighter on Aug 4, 2023.
             Was a Follower of Okawaru.
             Shot with an arrow by Joseph (4 damage)
             ... on level 7 of the Dungeon.
             The game lasted 00:11:58 (6065 turns).

arthad the Covered (Gargoyle Fighter)               Turns: 6065, Time: 00:11:59

Health: -2/57      AC: 15    Str: 25    XL:     9   Next: 46%
Magic:  9/9        EV:  9    Int:  8    God:    Okawaru [*.....]
Gold:   350        SH: 10    Dex:  9    Spells: 8/8 levels left

rFire   + . .        p - +0 morningstar
rCold   . . .        c - +0 buckler
rNeg    + + .        b - +0 scale mail
rPois   ∞            (no helmet)
rElec   +            (no cloak)
rCorr   .            (no gloves)
SInv    .            k - +0 pair of boots
Will    .....        z - amulet of reflection Stlth
                     o - ring of positive energy
HPRegen 0.29/turn    t - ring of protection from fire
MPRegen 0.11/turn

%: reflection
@: no status effects
A: sickness immunity, AC +6, negative energy resistance 1, electricity
resistance, torment resistance 1, petrification resistance
a: Renounce Religion, Heroism


You were on level 7 of the Dungeon.
You worshipped Okawaru.
Okawaru was aware of your devotion.
You visited 2 branches of the dungeon, and saw 8 of its levels.

You collected 350 gold pieces.

Inventory:

Hand Weapons
 a - a +0 flail
 p - a +0 morningstar (weapon)
 y - the +1 hand axe of the Morning {heavy, rF+ Int+5}
   (You found it on level 4 of the Dungeon)

   Int:       It affects your intelligence (+5).
   rF:        It protects you from fire.
Missiles
 l - 9 poisoned darts (quivered)
 A - 5 javelins
Armour
 b - a +0 scale mail (worn)
 c - a +0 buckler (worn)
 k - a +0 pair of boots (worn)
Magical Staves
 m - a staff of air
 q - a staff of poison
Jewellery
 n - a ring of ice
 o - a ring of positive energy (left hand)
 t - a ring of protection from fire (right hand)
 u - a +6 ring of intelligence
 z - an amulet of reflection (around neck)
 F - a +5 ring of evasion
Wands
 j - a wand of flame (18)
 G - a wand of polymorph (7)
Scrolls
 f - a scroll of torment
 g - a scroll of poison
 h - 6 scrolls of identify
 r - a scroll of enchant armour
 s - 2 scrolls of teleportation
 x - 2 scrolls of brand weapon
 D - a scroll of amnesia
 H - a scroll of vulnerability
Potions
 d - 2 potions of might
 e - 3 potions of haste
 i - a potion of enlightenment
 w - a potion of attraction
 B - 3 potions of curing
 C - a potion of heal wounds
 E - a potion of brilliance


   Skills:
 + Level 7.5 Fighting
 + Level 6.5 Maces & Flails
 + Level 7.6 Armour
 + Level 7.5 Shields


You had 8 spell levels left.
You didn't know any spells.
Your spell library contained the following spells:

 Spells                   Type           Power      Damage    Failure   Level
 Hailstorm                Conj/Ice       0%         3d3       97%         3
 Ignite Poison            Fire/Tmut/Pois 0%         N/A       97%         3
 Portal Projectile        Hex/Tloc       0%         N/A       97%         3
 Leda's Liquefaction      Hex/Erth       0%         N/A       100%        4
 Freezing Cloud           Conj/Ice/Air   0%         6-21      100%        5
 Orb of Destruction       Conj           0%         9d5       100%        7
 Cigotuvi's Dreadful Rot  Necr/Pois/Air  Unusable   N/A       N/A         2
 Call Canine Familiar     Summ           Unusable   N/A       N/A         3
 Summon Guardian Golem    Hex/Summ       Unusable   N/A       N/A         3
 Summon Ice Beast         Ice/Summ       Unusable   N/A       N/A         4
 Simulacrum               Ice/Necr       Unusable   N/A       N/A         6
 Spellforged Servitor     Conj/Summ      Unusable   N/A       N/A         7

Dungeon Overview and Level Annotations

Branches:
Dungeon (7/15)             Temple (1/1) D:6

Altars:
Ashenzari
Cheibriados
Elyvilon
Fedhas
Gozag
Hepliaklqana
Kikubaaqudgha
Makhleb
Okawaru
Ru
Sif Muna
Trog
Uskayaw
Vehumet
Wu Jian
Xom
Yredelemnul
Zin
The Shining One

Annotations:
D:7 Joseph


Innate Abilities, Weirdness & Mutations

You are immune to sickness and miasma.
Your stone body is resilient. (AC +6)
You are immune to poison.
You resist negative energy. (rN+)
You are resistant to electric shocks. (rElec)
You are resistant to unholy torment.
You are immune to petrification.


Message History

You are too injured to fight recklessly!
You puncture the steam dragon!
The steam dragon is moderately wounded.
The steam dragon bites you but does no damage.
The steam dragon barely misses you. The steam dragon breathes steam at you.
The ball of steam hits you. You resist.
* * * LOW HITPOINT WARNING * * *
You hear a shout!
You closely miss the steam dragon.
The steam dragon is moderately wounded.
The steam dragon bites you but does no damage.
You block the steam dragon's attack.
You bludgeon the steam dragon!!
The steam dragon is almost dead.
The steam dragon breathes steam at you.
The ball of steam hits you but does no damage.
You resist.
You barely miss the steam dragon.
The steam dragon is almost dead.
The steam dragon barely misses you. The steam dragon claws you.
* * * LOW HITPOINT WARNING * * *
The steam dragon bites you but does no damage.
The steam dragon claws you.
* * * LOW HITPOINT WARNING * * *
You barely miss the steam dragon.
The steam dragon is almost dead.
Joseph shoots an arrow.
The arrow closely misses you. You block the steam dragon's attack.
The steam dragon claws you but does no damage.
You block the steam dragon's attack. The steam dragon claws you.
* * * LOW HITPOINT WARNING * * *
You bludgeon the steam dragon!!
You kill the steam dragon!
Okawaru accepts your kill.
Blink to where?
Press: ? - help, Dir - move target
As you read the scroll of blinking, it crumbles to dust.
Joseph shoots an arrow.
The arrow hits you.
You die...

...##.#.###
#).#......# #####
......#.#.####...#
...#.##..........#
...#.####.####...#
.###.####.# ##.##
.# #......# #...#
.###.....#####.#.#
..##.....###§...@#
.........##..#.###
..##.....##.....#
.###..>..##.@...#
.# ########.....#
.# #......# .#
.......# ..
..#####.# #. .. .#


You could see Joseph.

Vanquished Creatures
  A troll (D:7)
  A hornet (D:7)
  Sigmund (D:3)
  A steam dragon (D:7)
  Menkaure (D:7)
  An orc warrior (D:6)
  3 ice beasts (D:6)
  A black bear (D:7)
  A phantom (D:5)
  5 scorpions
  3 howler monkeys
  3 jellies
  A hound (D:5)
  An orc priest (D:5)
  5 iguanas
  5 orc wizards
  7 gnolls
  5 adders
  3 dart slugs
  29 orcs
  5 endoplasms
  5 giant cockroaches
  5 goblins
  7 hobgoblins
  2 jackals (D:3)
  5 kobolds
  4 quokkas
  4 ball pythons
  4 bats
  4 frilled lizards
  4 rats
127 creatures vanquished.

Vanquished Creatures (others)
  A human (D:7)
1 creature vanquished.

Grand Total: 128 creatures vanquished

Notes
Turn   | Place    | Note
-------+----------+-------------------------------------------
     0 | D:1      | arthad the Gargoyle Fighter began the quest for the Orb.
     0 | D:1      | Reached XP level 1. HP: 14/14 MP: 1/1
    83 | D:1      | Reached XP level 2. HP: 15/19 MP: 2/2
   264 | D:1      | You fall into a shaft and drop 1 floor!
   282 | D:2      | Reached XP level 3. HP: 23/23 MP: 3/3
   394 | D:2      | Reached XP level 4. HP: 16/29 MP: 4/4
   567 | D:2      | Found a hide-covered altar of Uskayaw.
  1626 | D:3      | Noticed Sigmund
  1647 | D:3      | Killed Sigmund
  1648 | D:3      | Reached XP level 5. HP: 20/34 MP: 5/5
  1648 | D:3      | Reached XP level 6. HP: 23/39 MP: 6/6
  2605 | D:4      | Reached skill level 5 in Armour
  2605 | D:4      | Reached skill level 5 in Shields
  2703 | D:4      | Reached skill level 5 in Fighting
  2802 | D:4      | Reached XP level 7. HP: 43/44 MP: 7/7
  3292 | D:4      | Identified the +1 hand axe of the Morning {heavy, rF+
                  | Int+5}
  3366 | D:5      | Entered Level 5 of the Dungeon
  3464 | D:5      | Reached XP level 8. HP: 11/51 MP: 8/8
  3675 | D:4      | HP: 2/51 [gnoll/+0 flail (3)]
  3888 | D:5      | Reached skill level 5 in Maces & Flails
  3952 | D:5      | Found a radiant altar of Vehumet.
  4727 | D:6      | Found a staircase to the Ecumenical Temple.
  4797 | Temple   | Entered the Ecumenical Temple
  4877 | Temple   | Became a worshipper of Warmaster Okawaru
  5306 | D:6      | Found a faded altar of an unknown god.
  5306 | D:6      | Found an opulent altar of Gozag.
  5314 | D:6      | Found an ornate altar of the Wu Jian Council.
  5316 | D:6      | Found a burning altar of Makhleb.
  5318 | D:6      | Found a shimmering blue altar of Sif Muna.
  5658 | D:7      | Noticed Joseph
  5715 | D:7      | Reached XP level 9. HP: 41/56 MP: 9/9
  5737 | D:7      | Found an ancient bone altar of Kikubaaqudgha.
  5778 | D:7      | Noticed a hornet
  5799 | D:7      | Killed a hornet
  5799 | D:7      | Reached * piety under Okawaru
  5945 | D:7      | Found a glowing golden altar of the Shining One.
  5983 | D:7      | Noticed Menkaure
  5987 | D:7      | Killed Menkaure
  5994 | D:7      | Noticed a troll
  6034 | D:7      | Killed a troll
  6049 | D:7      | Found a sand-covered staircase.
  6063 | D:7      | HP: 1/57 [steam dragon (5)]
  6065 | D:7      | Shot with an arrow by Joseph

Illustrated notes

Levels and vault maps discovered:
D:1:      matt_arrival_grand_opening, layout_basic, st_stairs_5
D:2:      layout_basic, basic_altar, chequers_serial_rivers_marsh
D:3:      layout_basic, hangedman_decor_diamond_cutter, minmay_misc_feat_room,
          uniq_sigmund
D:4:      layout_loops_cross
D:5:      layout_cave_pools, vehumet_altar_wand_db, dreamdust_wishing_well
D:6:      layout_loops_corners, chequers_temple_overflow_minitemple,
          minmay_temple_entry_grid, chequers_avenue, corexii_shack
D:7:      layout_loops_cross, kennysheep_mini_moat, tgw_kikubaaqudgha,
          enter_ossuary_1, uniq_joseph, uniq_crazy_yiuf_cottage, uniq_menkaure
Temple:   minmay_temple_forest_path

Skill      XL: |  1  2  3  4  5  6  7  8  9 |
---------------+----------------------------+-----
Shields        | 4 5 6 7 |  7.5
Armour         | 4 5 6 7 |  7.6
Fighting       | 4 5 6 7 |  7.5
Maces & Flails | 3 4 5 6 |  6.5

Action                     |  1- 3 |  4- 6 |  7- 9 || total
---------------------------+-------+-------+-------++-------
  Melee: Flail             |    79 |   104 |       ||   183
         Morningstar       |       |    33 |   294 ||   327
  Throw: Javelin           |       |     2 |    11 ||    13
         Dart              |       |       |    10 ||    10
  Evoke: Wand              |       |       |     3 ||     3
    Use: Potion            |       |     5 |     2 ||     7
         Scroll            |       |       |    12 ||    12
 Armour: Scale mail        |    57 |    75 |   164 ||   296
         Skin              |       |     6 |       ||     6
  Dodge: Dodged            |    54 |    50 |   108 ||   212
  Block: Buckler           |    21 |    25 |   129 ||   175
         Reflection        |       |       |     3 ||     3

Table legend: (Time is in decaauts)
 A = Elapsed time spent in this place.
 B = Non-inter-level travel time spent in this place.
 C = Inter-level travel time spent in this place.
 D = Time resting spent in this place.
 E = Time spent auto-exploring this place.
 F = Levels seen in this place.
 G = Mean time per level.
                   A        B        C        D        E       F      G
               +--------+--------+--------+--------+--------+-----+--------+
         Total |   6201 |   5798 |    403 |    421 |   3952 |   8 |  775.1 |
       Dungeon |   6067 |   5771 |    296 |    421 |   3926 |   7 |  866.7 |
        Temple |    134 |     27 |    107 |      0 |     26 |   1 |  134.0 |
               +--------+--------+--------+--------+--------+-----+--------+

Top non-repeatable levels by time:
     D:3: 1164 daAuts
     D:4: 1120 daAuts
     D:6: 1104 daAuts
     D:1: 788 daAuts
     D:5: 763 daAuts
     D:2: 657 daAuts
     D:7: 467 daAuts
  Temple: 134 daAuts
